AoeStats
← Rubenius

Yucatan

511063946Analyzed
4v4 RM · 6h ago on Oct 3, 2026· 54m 54s· 8 players
Game mode
Random Map
Map size
Large (8 player)
Population
200
Speed
Normal
Resources
Standard
Victory
Conquest
Starting age
Dark Age
Ending age
Imperial Age
RankedLock teamsTeams togetherTeam positionsShared explorationLock speedFull tech treeHidden civsTurbo modeCheats
Victory
Defeat
🇧🇷 Huns · Brazil
793
+14
773
+15
🇧🇷 Tupi · Brazil
765
+15
🇦🇷 Mongols · Argentina
754
+16
🇬🇧 Poles · United Kingdom
805
-17
🇷🇴 Britons · Romania
744
-15
🇹🇼 Varangians · Taiwan
743
-15
🇳🇱 Khmer · Netherlands
694
-13
Rubenius
1:10 Loom
12:37 Feudal Age
14:54 Wheelbarrow
14:05 Town Watch
14:30 Double-Bit Axe
17:08 Horse Collar
19:04 Champi Runner
23:14 Castle Age
21:06 Arson
21:32 Gold Mining
24:02 Pikeman
25:11 Forging
29:32 Fletching
47:08 Caravan
47:53 Town Patrol
52:13 Imperial Age
51:36 Hand Cart
51:19 Bodkin Arrow
51:25 Padded Archer Armor
51:25 Scale Mail Armor
52:00 Iron Casting
52:02 Bow Saw
51:53 Heavy Plow
52:29 Gold Shaft Mining
51:44 Stone Mining
52:10 Murder Holes
52:36 Ballistics
53:05 Leather Archer Armor
53:12 Curare
54:11 Chemistry
53:13 Bracer
54:39 Elite Blackwood Archer
55:41 Conscription
Scanderbeg^ReX¬ALBANIE
0:31 Loom
15:20 Feudal Age
15:57 Double-Bit Axe
16:12 Fishing Lines
18:06 Gold Mining
20:57 Stone Mining
21:10 Horse Collar
22:39 Wheelbarrow
24:05 Castle Age
23:53 Bloodlines
25:47 Scale Barding Armor
25:53 Forging
27:33 Husbandry
28:03 Bow Saw
28:29 Gold Shaft Mining
28:31 Stone Shaft Mining
28:05 Heavy Plow
28:03 Gillnets
28:56 Chain Barding Armor
29:25 Padded Archer Armor
30:07 Hand Cart
33:52 Imperial Age
32:34 Iron Casting
31:52 Fletching
32:18 Leather Archer Armor
34:56 Conscription
34:03 Heavy Camel Rider
35:48 Chemistry
35:09 Ballistics
35:54 Two-Man Saw
35:39 Plate Barding Armor
36:05 Blast Furnace
35:48 Caravan
35:40 Imperial Camel Rider
36:57 Shatagni
37:37 Grand Trunk Road
38:30 Town Watch
39:17 Ring Archer Armor
40:43 Siege Engineers
40:46 Town Patrol
DISK PIZZA
11:24 Feudal Age
12:23 Double-Bit Axe
17:28 Castle Age
15:44 Gold Mining
15:51 Stone Mining
16:38 Horse Collar
21:05 Wheelbarrow
23:01 Gold Shaft Mining
22:52 Bow Saw
23:35 Heavy Plow
30:59 Imperial Age
30:23 Scale Barding Armor
30:28 Forging
30:48 Bloodlines
30:42 Husbandry
31:43 Chain Barding Armor
31:54 Marauders
32:15 Conscription
38:18 Plate Barding Armor
39:28 Elite Tarkan
45:13 Iron Casting
tasiopicollo
5:01 Loom
10:08 Feudal Age
10:57 Double-Bit Axe
15:41 Wheelbarrow
20:30 Castle Age
21:21 Husbandry
22:57 Horse Collar
27:49 Wheelbarrow
31:05 Bow Saw
31:48 Fletching
32:00 Heavy Plow
31:53 Gold Mining
31:56 Stone Mining
32:59 Forging
33:02 Squires
34:26 Gold Shaft Mining
34:28 Ballistics
34:25 Thumb Ring
37:36 Hand Cart
40:06 Pikeman
41:36 Stone Shaft Mining
45:01 Imperial Age
43:10 Murder Holes
44:40 Elite Skirmisher
45:53 Bloodlines
45:44 Bodkin Arrow
46:53 Chemistry
45:55 Elite Mangudai
46:59 Conscription
46:39 Nomads
47:00 Drill
47:07 Parthian Tactics
46:31 Town Watch
48:26 Heavy Cavalry Archer
51:33 Fortified Wall
53:42 Town Patrol
Manic_Douche
3:06 Loom
12:59 Feudal Age
18:05 Castle Age
16:32 Double-Bit Axe
16:30 Horse Collar
20:43 Stone Mining
21:45 Bow Saw
23:18 Scale Mail Armor
24:13 Stone Shaft Mining
24:31 Heavy Plow
25:31 Town Watch
27:18 Gold Mining
33:34 Scale Barding Armor
34:12 Town Patrol
37:31 Imperial Age
35:09 Elite Skirmisher
38:13 Chain Barding Armor
39:05 Padded Archer Armor
38:57 Fletching
39:17 Forging
39:23 Chain Mail Armor
40:40 Husbandry
40:52 Bloodlines
40:03 Light Cavalry
40:03 Cavalier
44:04 Hoardings
45:49 Chemistry
45:01 Masonry
44:46 Pikeman
52:32 Ballistics
52:15 Murder Holes
Arlans天空
0:27 Loom
11:54 Feudal Age
20:34 Castle Age
20:29 Gold Mining
20:26 Double-Bit Axe
20:23 Horse Collar
20:37 Stone Mining
23:08 Bow Saw
29:16 Stone Shaft Mining
29:47 Heavy Plow
33:35 Imperial Age
33:05 Bloodlines
32:55 Husbandry
32:21 Vendel Legacy
35:16 Two-Man Saw
34:29 Forging
34:24 Scale Barding Armor
35:30 Conscription
35:53 Wheelbarrow
35:03 Town Watch
36:01 Caravan
37:38 Hand Cart
37:23 Town Patrol
38:24 Murder Holes
38:39 Fortified Wall
38:53 Ballistics
39:33 Chemistry
39:18 Iron Casting
39:04 Chain Barding Armor
38:38 Fletching
39:52 Elite Jarl
41:24 Squires
41:10 Arson
41:48 Elite Varangian Guard
44:07 Gothikon
44:58 Pikeman
46:06 Halberdier
52:39 Elite Skirmisher
bogdanmarcel95
0:30 Loom
13:50 Feudal Age
17:45 Horse Collar
17:54 Double-Bit Axe
18:02 Stone Mining
18:06 Gold Mining
21:25 Castle Age
20:56 Wheelbarrow
28:43 Gold Shaft Mining
32:29 Hand Cart
35:41 Heavy Plow
35:54 Bow Saw
35:50 Padded Archer Armor
35:41 Fletching
39:59 Imperial Age
41:43 Chemistry
40:29 Arrowslits
41:02 Leather Archer Armor
40:42 Bodkin Arrow
40:21 Elite Longbowman
41:59 Hoardings
41:43 Masonry
44:01 Two-Man Saw
oompeter
10:57 Feudal Age
18:14 Castle Age
18:10 Double-Bit Axe
18:20 Stone Mining
18:21 Gold Mining
22:05 Horse Collar
31:42 Heavy Plow
31:55 Bow Saw
33:49 Wheelbarrow
38:52 Imperial Age
36:41 Hand Cart
37:11 Pikeman
37:36 Arson
40:35 Elite Ballista Elephant
46:42 Chemistry
45:09 Heavy Scorpion
Connection lost

Rejoining the realm…

Still unreachable

The connection could not be restored.

Session expired

The server has moved on; the page needs a fresh start.